 Dungeon Crawl Stone Soup version 0.24.0-28-g17ded55e90 (webtiles) character file.

Game seed: 8450248185847144234, levelgen mode: deterministic

131 Bombadil the Stinger (level 5, -3/36 HPs)
             Began as a Formicid Venom Mage on Nov 12, 2019.
             Splashed by a jelly's acid (11 damage)
             ... on level 7 of the Dungeon.
             The game lasted 00:10:28 (3837 turns).

Bombadil the Stinger (Formicid Venom Mage)          Turns: 3837, Time: 00:10:28

Health: -3/36      AC: -10   Str: 12    XL:     5   Next: 37%
Magic:  7/9        EV: 12    Int: 16    God:
Gold:   128        SH:  0    Dex: 11    Spells: 4/10 levels left

rFire    . . .     SeeInvis +   o - +0 whip
rCold    . . .     Gourm    .   (no shield)
rNeg     . . .     Faith    .   a - +0 robe
rPois    .         Spirit   .   (helmet unavailable)
rElec    .         Reflect  .   (no cloak)
rCorr    .         Harm     .   (no gloves)
MR       .....                  (no boots)
Stlth    ++........             (no amulet)
HPRegen  0.12/turn              (no ring)
MPRegen  0.11/turn              (no ring)

@: corroded
A: permanent stasis, dig shafts and tunnels, four strong arms, antennae 3
a: Dig, Shaft Self


You were on level 7 of the Dungeon.
You were not hungry.

You visited 1 branch of the dungeon, and saw 5 of its levels.

You collected 128 gold pieces.

Inventory:

Hand Weapons
 o - a +0 whip (weapon)
Missiles
 e - 3 atropa-tipped darts (quivered)
Armour
 a - a +0 robe (worn)
Scrolls
 d - 2 scrolls of identify {unknown}
 g - 2 scrolls of noise {unknown}
 i - 2 scrolls of teleportation {unknown}
 n - 2 scrolls of immolation {unknown}
 p - a scroll of enchant armour {unknown}
 q - a scroll of blinking {unknown}
Potions
 b - 2 potions of might {unknown}
 f - a potion of cancellation {unknown}
 j - a potion of flight {unknown}
 k - 2 potions of curing {unknown}
 l - a potion of berserk rage {unknown}
 m - 2 potions of mutation {unknown}
Comestibles
 c - a ration


   Skills:
 + Level 0.5 Fighting
 + Level 2.2 Dodging
 + Level 3.0 Stealth
 + Level 3.0 Spellcasting
 + Level 1.4 Conjurations
 + Level 0.5 Air Magic
 + Level 5.7 Poison Magic


You had 4 spell levels left.
You knew the following spells:

 Your Spells              Type           Power        Failure   Level  Hunger
a - Sting                 Conj/Pois      ##..         4%          1    #......
b - Poisonous Vapours     Pois/Air       ##....       8%          2    ##.....
c - Mephitic Cloud        Conj/Pois/Air  ##......     21%         3    ###....

Your spell library contained the following spells:

 Spells                   Type           Power        Failure   Level  Hunger
 Olgreb's Toxic Radiance  Pois           ###.....     19%         4    #####..
 Venom Bolt               Conj/Pois      ##........   77%         5    ######.


Dungeon Overview and Level Annotations

Branches:
Dungeon (4/15)
 Temple: D:4-7

Altars:
Dithmenos
Fedhas
Makhleb


Innate Abilities, Weirdness & Mutations

You cannot be hasted, slowed, berserked, paralysed or teleported.
You can dig through walls and to a lower floor.
Your four strong arms can wield two-handed weapons with a shield.
You have a pair of large antennae on your head. (SInv)


Message History

You hit the jelly. The acid corrodes you!
Your hands burn!
The jelly is heavily wounded.
The jelly misses you.
You hit the jelly. The acid corrodes you!
Your hands burn!
The jelly is heavily wounded.
The jelly hits you. The acid corrodes you!
You are splashed with acid!
You hit the jelly but do no damage.
Your hands burn!
The jelly is heavily wounded.
The jelly barely misses you. The jelly barely misses you.
You hit the jelly but do no damage.
Your hands burn!
The jelly is heavily wounded.
The jelly hits you. The acid corrodes you!
You are splashed with acid!
* * * LOW HITPOINT WARNING * * *
The jelly closely misses you. The jelly misses you. The jelly hits you.
* * * LOW HITPOINT WARNING * * *
You are splashed with acid!
You die...

....... ....... .. {
....... ... ....... ...#
###....... ....######
##### ##...# .........#
#...###...## .........#
#.....†..## .........#
#..J@....### #........#
##.........#
####.....####............#
#####.##....#####......#
#......## ########
########


You could see a jelly.

Vanquished Creatures
  A hound (D:2)
  2 adders (D:2)
  2 worms (D:2)
  A dart slug (D:3)
  A leopard gecko (D:3)
  4 orcs
  3 giant cockroaches
  13 goblins
  4 hobgoblins
  10 jackals
  7 kobolds
  3 quokkas
  A ball python (D:1)
  6 bats
  2 frilled lizards (D:3)
  4 rats
64 creatures vanquished.

Notes
Turn   | Place    | Note
-------+----------+-------------------------------------------
     0 | D:1      | Bombadil the Formicid Venom Mage began the quest for the
                  | Orb.
     0 | D:1      | Reached XP level 1. HP: 13/13 MP: 3/3
   649 | D:1      | Reached XP level 2. HP: 19/19 MP: 1/5
   751 | D:1      | Learned a level 2 spell: Poisonous Vapours
  1107 | D:2      | Reached skill level 1 in Conjurations
  1144 | D:2      | Reached XP level 3. HP: 5/24 MP: 0/6
  1376 | D:2      | Learned a level 3 spell: Mephitic Cloud
  1440 | D:2      | Reached skill level 5 in Poison Magic
  1724 | D:2      | Found a shadowy altar of Dithmenos.
  1780 | D:2      | Found a blossoming altar of Fedhas.
  2227 | D:2      | Reached XP level 4. HP: 28/30 MP: 1/7
  2975 | D:2      | Reached XP level 5. HP: 8/35 MP: 1/9
  3526 | D:3      | Found a burning altar of Makhleb.
  3637 | D:4      | You fall into a shaft and drop 3 floors!
  3819 | D:7      | Noticed a bullfrog
  3837 | D:7      | Splashed by a jelly's acid

Levels and vault maps discovered:
D:1:      scummos_arrival_hexagon, layout_basic
D:2:      kennysheep_the_goblin_king, layout_rooms, fedhas_altar_fruit_tree,
          marbit_many_paths
D:3:      layout_rooms, lemuel_coloured_pillars_altar, first_ration,
          makhleb_heckhound_becter
D:4:      layout_basic, gammafunk_ghost_mausoleum
D:7:      layout_cave_pods, overflow_temple_1_default, cheibrodos_worm_habitat,
          grunt_ogre_cave

Skill      XL: |  1  2  3  4  5 |
---------------+----------------+-----
Conjurations   | 1 |  1.4
Dodging        | 2 |  2.2
Poison Magic   | 5 |  5.7
Stealth        | 3 |  3.0
Spellcasting   | 3 |  3.0
Fighting       | |  0.5
Air Magic      | |  0.5

Action                   |  1- 3 |  4- 6 || total
-------------------------+-------+-------++-------
Melee: Whip              |     6 |    26 ||    32
       Unarmed           |     1 |       ||     1
 Cast: Sting             |    55 |    46 ||   101
       Poisonous Vapours |     8 |    20 ||    28
 Abil: Shaft Self        |       |     1 ||     1
  Eat: Chunk             |     4 |     8 ||    12
Armor: Robe              |    20 |    12 ||    32
Dodge: Dodged            |    41 |    70 ||   111
